 Dungeon Crawl Stone Soup version 0.22.1-2-g9c5b331383 (webtiles) character file.

98 Knorr the Skirmisher (level 4, -3/37 HPs)
             Began as a Demonspawn Berserker on Jan 2, 2019.
             Was a Believer of Trog.
             Slain by a scorpion (7 damage)
             ... on level 3 of the Dungeon.
             The game lasted 00:06:25 (2509 turns).

Knorr the Skirmisher (Demonspawn Berserker)         Turns: 2509, Time: 00:06:25

Health: -3/37      AC: 10    Str: 18    XL:     4   Next: 43%
Magic:  4/4        EV:  6    Int:  8    God:    Trog [**....]
Gold:   169        SH:  0    Dex: 13    Spells: 3/3 levels left

rFire    . . .     SeeInvis .   a - +0 hand axe
rCold    . . .     Gourm    .   (no shield)
rNeg     . . .     Faith    .   i - +0 plate armour
rPois    .         Spirit   .   (helmet restricted)
rElec    .         Reflect  .   (no cloak)
rCorr    .         Harm     .   (no gloves)
MR       .....                  (no boots)
Stlth    ..........             (no amulet)
HPRegen  0.12/turn              (no ring)
MPRegen  0.09/turn              (no ring)

@: lethally poisoned (-3 -> -18)
A: antennae 1, talons 1, rot immunity
a: Berserk, Trog's Hand, Renounce Religion


You were on level 3 of the Dungeon.
You worshipped Trog.
Trog was pleased with you.
You were not hungry.

You visited 1 branch of the dungeon, and saw 3 of its levels.

You collected 169 gold pieces.

Inventory:

Hand Weapons
 a - a +0 hand axe (weapon)
 d - a +3 spear
Armour
 b - a +0 animal skin
 g - a +0 chain mail
 i - a +0 plate armour (worn)
Jewellery
 e - a +2 ring of dexterity {unknown}
Scrolls
 k - a scroll of random uselessness {unknown}
 m - a scroll of fear {unknown}
 n - a scroll of teleportation {unknown}
 r - a scroll of amnesia {unknown}
Potions
 f - a potion of flight
 h - a potion of might {unknown}
 j - 2 potions of curing {unknown}
 l - a potion of invisibility {unknown}
 o - a potion of haste {unknown}
 p - a potion of magic {unknown}
 q - a potion of brilliance {unknown}
Comestibles
 c - 3 rations


   Skills:
 + Level 3.8 Fighting
 + Level 3.6 Axes
 + Level 2.0 Armour
 + Level 2.4 Dodging
 + Level 0.3 Stealth


You had 3 spell levels left.
You didn't know any spells.
Your spell library was empty.

Dungeon Overview and Level Annotations

Branches:
Dungeon (3/15)

Altars:
Uskayaw


Innate Abilities, Weirdness & Mutations

You have a pair of small antennae on your head.
You have sharp toenails.
You are immune to rotting.


Message History

You claw the scorpion, but do no damage.
The scorpion is lightly wounded.
You feel sick. The scorpion stings you.
The scorpion stings you but does no damage.
Your plate armour prevents you from hitting the scorpion.
Your kick misses the scorpion.
The scorpion is lightly wounded.
You feel sick. The scorpion stings you.
You are lethally poisoned!
The scorpion poisons you!
You hit the scorpion. You claw the scorpion.
The scorpion is heavily wounded.
* * * LOW HITPOINT WARNING * * *
You feel sick. The scorpion stings you.
* * * LOW HITPOINT WARNING * * *
You hit the scorpion.
The scorpion is severely wounded.
* * * LOW HITPOINT WARNING * * *
You feel sick. The scorpion stings you!
You die...

....
#...
#....
#....
#.....
#.....#
#...###
#.@.#
#...#s#
#####.#
#.# #.#
#.# #.#
#.#


You could see a scorpion.

Vanquished Creatures
  Crazy Yiuf (D:2)
  4 adders
  A worm (D:2)
  A giant cockroach (D:1)
  A goblin (D:2)
  7 hobgoblins
  3 kobolds
  A quokka (D:3)
  5 bats
  2 frilled lizards
  9 rats
  A fungus (D:2)
36 creatures vanquished.

Notes
Turn   | Place    | Note
-------+----------+-------------------------------------------
     0 | D:1      | Knorr the Demonspawn Berserker began the quest for the Orb.
     0 | D:1      | Reached XP level 1. HP: 18/18 MP: 1/1
   288 | D:1      | Gained mutation: You have a pair of small antennae on your
                  | head. [demonic ancestry]
   288 | D:1      | Reached XP level 2. HP: 19/24 MP: 2/2
  1279 | D:2      | Found a hide-covered altar of Uskayaw.
  1363 | D:2      | Reached ** piety under Trog
  1486 | D:2      | Gained mutation: You have sharp toenails. [demonic
                  | ancestry]
  1486 | D:2      | Reached XP level 3. HP: 10/29 MP: 3/3
  2138 | D:2      | Found a runed door.
  2311 | D:2      | Noticed Crazy Yiuf
  2315 | D:2      | Killed Crazy Yiuf
  2315 | D:2      | Gained mutation: You are immune to rotting. [demonic
                  | ancestry]
  2315 | D:2      | Reached XP level 4. HP: 27/37 MP: 4/4
  2509 | D:3      | Slain by a scorpion

Skill      XL: |  1  2  3 |
---------------+----------+-----
Axes           | 3 |  3.6
Dodging        | 2 |  2.4
Armour         | 2 |  2.0
Fighting       | |  3.8
Stealth        | |  0.3

Action                   |  1- 3 |  4- 6 || total
-------------------------+-------+-------++-------
Melee: Hand axe          |   111 |    30 ||   141
       Kick              |     4 |    10 ||    14
  Use: Scroll            |     2 |       ||     2
       Potion            |     1 |       ||     1
 Stab: Sleeping          |     1 |       ||     1
  Eat: Chunk             |     3 |       ||     3
       Ration            |       |     1 ||     1
Armor: Animal skin       |    11 |       ||    11
       Plate armour      |    51 |    16 ||    67
       Chain mail        |     3 |       ||     3
Dodge: Dodged            |    54 |     9 ||    63
